 Dungeon Sprint DCSS version 0.22-a0-135-g6f012ad (webtiles) character file.

11200000 Faca the Axe Maniac (level 27, -115/249 HPs)
             Began as a Formicid Fighter on Jan 31, 2018.
             Was the Champion of Makhleb.
             Killed from afar by a wretched soul (127 damage)
             ... with a bolt of negative energy
             ... in the Dungeon (Sprint VIII: "Arena of Blood").
             The game lasted 00:05:55 (112 turns).

Faca the Axe Maniac (Formicid Fighter)               Turns: 112, Time: 00:05:56

Health: -115/249   AC: 12    Str: 24    XL:     27
Magic:  41/54      EV: 30    Int: 10    God:    Makhleb [******]
Gold:   0          SH: 19    Dex: 18    Spells: 80/80 levels left

rFire    . . .     SeeInvis +   l - +∞ Axe of Woe
rCold    . . .     Gourm    .   c - +0 shield
rNeg     . . .     Faith    .   b - +0 scale mail
rPois    .         Spirit   .   (helmet unavailable)
rElec    .         Reflect  .   (no cloak)
rCorr    .         Harm     .   (no gloves)
MR       ++...                  (no boots)
Stlth    ++++++++..             (no amulet)
HPRegen  0.51/turn              (no ring)
MPRegen  0.34/turn              (no ring)

@: lethally poisoned (-115 -> -121), drained
A: permanent stasis, dig shafts and tunnels, four strong arms, antennae 3
a: Dig, Minor Destruction, Lesser Servant of Makhleb, Major Destruction, Greater
Servant of Makhleb, Renounce Religion


You were in the Dungeon.
You worshipped Makhleb.
Makhleb was exalted by your worship.
You were not hungry.

You visited 1 branch

Inventory:

Hand Weapons
 a - a +0 war axe
 l - the +∞ Axe of Woe (weapon)
   (You found it in the Dungeon)
Armour
 b - a +0 scale mail (worn)
 c - a +0 shield (worn)
Scrolls
 k - a scroll of blinking
Potions
 d - a potion of might
 e - a potion of curing
 g - a potion of heal wounds
 h - a potion of haste
 i - 2 potions of magic
 j - a potion of berserk rage
Comestibles
 f - a ration


   Skills:
 O Level 27(25.5) Fighting
 O Level 27(25.5) Axes
 O Level 27(25.5) Throwing
 O Level 27(25.5) Armour
 O Level 27(25.5) Dodging
 O Level 27(25.5) Stealth
 O Level 27(25.5) Shields
 O Level 27(25.5) Unarmed Combat
 O Level 27(25.5) Spellcasting
 O Level 27(25.5) Invocations


You had 80 spell levels left.
You didn't know any spells.

Dungeon Overview and Level Annotations

Branches:
Dungeon (1/1)

Altars:
Makhleb


Innate Abilities, Weirdness & Mutations

You cannot be hasted, slowed, berserked, paralysed or teleported.
You can dig through walls and to a lower floor.
Your four strong arms can wield two-handed weapons with a shield.
You have a pair of large antennae on your head. (SInv)


Message History

The meat berserker is engulfed in blazing flames.
The meat berserker completely misses you.
You hear a shout!
The dread calls on the powers of darkness!
The bag of meat convulses! x4; The observer convulses!
The eight-headed meat hydra convulses!
The bag of meat convulses! x3
The meat berserker convulses!
The bag of meat convulses!
Your body is wracked with pain!
* * * LOW HITPOINT WARNING * * *
You hear a shout! x4
You block the reaper's attack.
The accursed points at you and mumbles some strange words.
Something smites you!
* * * LOW HITPOINT WARNING * * *
The wretched soul breathes negative energy at you.
The bolt of negative energy hits the meat beast.
The meat beast completely resists.
The bolt of negative energy hits you!
You feel drained.
Ouch! That really hurt!
You die...

..........)))§......
.#W.......)))).§....
...#.%...)))#)).....# {
......#.))).#.......#
...#....§§###)).....###.
.......)§2§.)M.###......
......%#§§§))M)._......
.....#§§§§§).#.%...#.
#..oo@§o.))#_.<._#
#...o#O22Xx.)#)....#.
.....oW#X.WM.))._......
...DGzo.oo.o...###......
.......D..###MW.. ..###.
..o...o.... #.......#{{
.o.......W..#.......# {
...#o.......o......o.
.........


You could see 4 accurseds, a meat beast, 2 reapers, an eight-headed meat hydra,
an observer (invisible), a sculptor of flesh, 2 large abominations, 2 wretched
souls, 3 dreads, a meat berserker (berserk), a small abomination and 14 bags of
meat.

Vanquished Creatures
  Sigmund (D)
  4 hell beasts (D)
  5 greater mummies (D)
  A great orb of eyes (D)
  3 wraiths (D)
  16 vampire knights (D)
  6 two-headed ogres (D)
  4 liches (D)
  73 orcs (D)
  5 phantoms (D)
  5 skeletal warriors (D)
  6 large abominations (D)
  9 small abominations (D)
  16 crawling corpses (D)
  33 ogres (D)
187 creatures vanquished.

Vanquished Creatures (others)
  6 crawling corpses (D)
6 creatures vanquished.

Grand Total: 193 creatures vanquished

Notes
Turn   | Place    | Note
-------+----------+-------------------------------------------
     0 | D        | Found the +∞ Axe of Woe
     0 | D        | Faca the Formicid Fighter began the quest for the Orb.
     0 | D        | Reached XP level 1. HP: 18/18 MP: 1/1
     3 | D        | Became a worshipper of Makhleb the Destroyer
     6 | D        | Noticed a bag of meat
     6 | D        | Noticed a bag of meat
     6 | D        | Noticed a bag of meat
     6 | D        | Noticed a meat berserker
     9 | D        | Noticed a meat berserker
     9 | D        | Killed a meat berserker
     9 | D        | Reached XP level 2. HP: 52/52 MP: 2/2
     9 | D        | Reached XP level 3. HP: 59/59 MP: 3/3
     9 | D        | Reached XP level 4. HP: 66/66 MP: 4/4
     9 | D        | Reached XP level 5. HP: 73/73 MP: 5/5
     9 | D        | Reached XP level 6. HP: 80/80 MP: 6/6
     9 | D        | Reached XP level 7. HP: 87/87 MP: 7/7
     9 | D        | Reached XP level 8. HP: 94/94 MP: 8/8
     9 | D        | Reached XP level 9. HP: 101/101 MP: 9/9
     9 | D        | Reached XP level 10. HP: 108/108 MP: 10/10
     9 | D        | Reached XP level 11. HP: 115/115 MP: 11/11
     9 | D        | Reached XP level 12. HP: 122/122 MP: 12/12
     9 | D        | Reached XP level 13. HP: 128/128 MP: 13/13
    10 | D        | Killed a bag of meat
    10 | D        | Reached * piety under Makhleb
    10 | D        | Reached XP level 14. HP: 140/140 MP: 14/14
    10 | D        | Noticed a bag of meat
    11 | D        | Killed a bag of meat
    11 | D        | Reached skill level 27 in Axes
    11 | D        | Reached XP level 15. HP: 155/155 MP: 15/15
    13 | D        | Killed a meat berserker
    13 | D        | Reached skill level 27 in Fighting
    13 | D        | Reached XP level 16. HP: 167/167 MP: 16/16
    15 | D        | Noticed a meat berserker
    15 | D        | Reached ** piety under Makhleb
    15 | D        | Reached skill level 15 in Shields
    16 | D        | Noticed a meat berserker
    18 | D        | Noticed a meat berserker
    18 | D        | Noticed a meat berserker
    18 | D        | Noticed a meat berserker
    19 | D        | Killed a meat berserker
    19 | D        | Reached XP level 17. HP: 174/174 MP: 17/17
    19 | D        | Killed a meat berserker
    19 | D        | Reached XP level 18. HP: 182/182 MP: 18/18
    21 | D        | Noticed a meat berserker
    21 | D        | Killed a meat berserker
    21 | D        | Reached *** piety under Makhleb
    21 | D        | Reached skill level 27 in Stealth
    21 | D        | Reached skill level 27 in Shields
    21 | D        | Reached XP level 19. HP: 189/189 MP: 19/19
    22 | D        | Reached skill level 27 in Armour
    22 | D        | Reached skill level 5 in Throwing
    22 | D        | Reached skill level 5 in Dodging
    22 | D        | Reached skill level 5 in Unarmed Combat
    22 | D        | Reached skill level 5 in Spellcasting
    23 | D        | Noticed a meat berserker
    23 | D        | Killed a meat berserker
    23 | D        | Reached **** piety under Makhleb
    23 | D        | Reached skill level 10 in Dodging
    23 | D        | Noticed a large bag of meat
    24 | D        | Noticed a meat berserker
    24 | D        | Killed a meat berserker
    24 | D        | Reached XP level 20. HP: 197/197 MP: 19/38
    25 | D        | Noticed a destroyer
    26 | D        | Noticed a destroyer
    26 | D        | Killed a meat berserker
    26 | D        | Reached skill level 15 in Dodging
    27 | D        | Killed a meat berserker
    27 | D        | Reached XP level 21. HP: 204/204 MP: 19/43
    29 | D        | Noticed a meat berserker
    29 | D        | Noticed a destroyer
    29 | D        | Noticed a destroyer
    29 | D        | Killed a meat berserker
    29 | D        | Reached ***** piety under Makhleb
    30 | D        | Noticed a destroyer
    30 | D        | Killed a large bag of meat
    30 | D        | Reached XP level 22. HP: 212/212 MP: 20/48
    30 | D        | Killed a destroyer
    30 | D        | Reached skill level 27 in Invocations
    30 | D        | Reached XP level 23. HP: 219/219 MP: 20/51
    32 | D        | Noticed a destroyer
    32 | D        | Killed a destroyer
    32 | D        | Reached skill level 27 in Throwing
    32 | D        | Reached skill level 27 in Unarmed Combat
    32 | D        | Reached skill level 27 in Spellcasting
    33 | D        | Killed a destroyer
    33 | D        | Reached ****** piety under Makhleb
    33 | D        | Reached skill level 27 in Dodging
    33 | D        | Reached XP level 24. HP: 227/227 MP: 21/54
    34 | D        | Killed a destroyer
    34 | D        | Killed a destroyer
    34 | D        | Reached XP level 25. HP: 234/234 MP: 21/54
    34 | D        | Killed a destroyer
    35 | D        | Reached XP level 26. HP: 242/242 MP: 21/54
    37 | D        | Noticed a destroyer
    37 | D        | Noticed a destroyer
    37 | D        | Noticed a destroyer
    38 | D        | Noticed a destroyer
    39 | D        | Reached XP level 27. HP: 249/249 MP: 23/54
    40 | D        | Killed a destroyer
    41 | D        | Noticed a destroyer
    42 | D        | Noticed a destroyer
    42 | D        | Killed a destroyer
    44 | D        | Killed a destroyer
    47 | D        | Killed a destroyer
    50 | D        | Noticed a large bag of meat
    52 | D        | Noticed a large bag of meat
    52 | D        | Noticed an accursed
    53 | D        | Noticed a destroyer
    53 | D        | Killed a destroyer
    56 | D        | Noticed an accursed
    56 | D        | Killed a large bag of meat
    56 | D        | Killed a destroyer
    58 | D        | Noticed a tyrant
    59 | D        | Killed a large bag of meat
    60 | D        | Noticed a tyrant
    64 | D        | Killed a destroyer
    67 | D        | Noticed an accursed
    67 | D        | Killed a tyrant
    68 | D        | Noticed a destroyer
    68 | D        | Noticed a destroyer
    69 | D        | Killed a destroyer
    70 | D        | Noticed a dread
    70 | D        | Killed a tyrant
    72 | D        | Killed an accursed
    73 | D        | Killed an accursed
    74 | D        | Noticed a destroyer
    76 | D        | Noticed The Captor
    76 | D        | Killed a destroyer
    77 | D        | Noticed a dread
    79 | D        | Noticed a tyrant
    81 | D        | Noticed a meat beast
    82 | D        | Killed an accursed
    83 | D        | Killed a dread
    84 | D        | Killed a dread
    85 | D        | Killed a destroyer
    86 | D        | Killed The Captor
    86 | D        | Killed a meat beast
    91 | D        | Noticed a meat beast
    93 | D        | Noticed a dread
    94 | D        | Noticed an accursed
    94 | D        | Noticed an accursed
    94 | D        | Killed an accursed
    94 | D        | Killed a meat beast
    96 | D        | Noticed a large bag of meat
    97 | D        | Noticed a tyrant
    97 | D        | Noticed a large bag of meat
    98 | D        | Noticed a meat beast
    98 | D        | Noticed an accursed
   101 | D        | Noticed a meat beast
   102 | D        | Noticed a large bag of meat
   103 | D        | Noticed an accursed
   103 | D        | Killed a meat beast
   104 | D        | Killed an accursed
   105 | D        | Noticed a meat beast
   105 | D        | Noticed a dread
   106 | D        | Killed a large bag of meat
   107 | D        | Killed a tyrant
   108 | D        | Noticed a dread
   108 | D        | Killed a large bag of meat
   108 | D        | Killed a tyrant
   109 | D        | Noticed an accursed
   110 | D        | Killed a large bag of meat
   110 | D        | Killed a meat beast
   111 | D        | Noticed a dread
   111 | D        | Killed a dread
   112 | D        | HP: 12/249 [accursed/divine providence (9)]
   112 | D        | Killed from afar by a wretched soul

Vault maps used:
D:        meatsprint

Skill      XL: |  1  2  3  4  5  6  7  8  9 10 11 12 13 14 15 16 17 18 19 20 21 22 23 |
---------------+----------------------------------------------------------------------+-----
Fighting       | 20 22 25 27 | 27.0
Axes           | 24 26 27 | 27.0
Armour         | 12 18 21 26 27 | 27.0
Stealth        | 13 21 24 27 | 27.0
Shields        | 13 20 23 27 | 27.0
Throwing       | 14 18 22 24 27 | 27.0
Dodging        | 13 17 20 22 27 | 27.0
Unarmed Combat | 14 18 22 24 27 | 27.0
Spellcasting   | 14 18 22 24 27 | 27.0
Invocations    | 16 21 25 27 | 27.0

Action                   |  1- 3 |  4- 6 |  7- 9 | 10-12 | 13-15 | 16-18 | 19-21 | 22-24 | 25-27 || total
-------------------------+-------+-------+-------+-------+-------+-------+-------+-------+-------++-------
Melee: Executioner's axe |     1 |       |       |       |     3 |     3 |     7 |     3 |    64 ||    81
 Stab: Distracted        |       |       |       |       |       |       |       |       |     1 ||     1
Armor: Scale mail        |       |       |       |       |       |       |       |       |     2 ||     2
Dodge: Dodged            |       |       |       |       |       |       |       |     1 |    14 ||    15
Block: Shield            |       |       |       |       |       |       |       |     1 |    13 ||    14

Table legend:
 A = Spawn XP
 B = Non-spawn XP
 C = Spawn XP percentage of total XP
 D = Spawn monster count
 E = Non-spawn monster count
 F = Spawn count percentage of total count
 G = Total turns spent on level
                    A         B        C        D         E        F      G
               +---------+---------+-------+---------+---------+-------+---------
         Total |       0 | 5077693 |   0.0 |       0 |     171 |   0.0 |   112
               +---------+---------+-------+---------+---------+-------+---------
             D |       0 | 5077693 |   0.0 |       0 |     171 |   0.0 |   112
               +---------+---------+-------+---------+---------+-------+---------
